 Dungeon Crawl Stone Soup version 0.31.0 (webtiles) character file.

Game seed: 6604532438253403997

4470 qw the Skirmisher (level 10, -1/64 HPs)
             Began as a Gargoyle Hunter on Jan 19, 2024.
             Slain by a raiju (5 damage)
             ... on level 1 of the Abyss.
             The game lasted 00:00:55 (8141 turns).

qw the Skirmisher (Gargoyle Hunter)                 Turns: 8141, Time: 00:00:55

Health: -1/64      AC: 12    Str: 16    XL:     10   Next: 37%
Magic:  10/10      EV: 13    Int:  9    God:
Gold:   297        SH:  5    Dex: 17    Spells: 9/9 levels left

rFire   + . .        o - +0 orcbow
rCold   . . .        (shield currently unavailable)
rNeg    + . .        b - +2 leather armour {rF+}
rPois   inf          (no helmet)
rElec   +            (no cloak)
rCorr   .            (no gloves)
SInv    +            (no boots)
Will    .....        h - amulet of reflection
Stlth   ++           e - +4 ring of slaying {mikee}
HPRegen 0.30/turn    i - ring of see invisible
MPRegen 0.12/turn

%: reflection
@: about to teleport
A: sickness immunity, AC +7, negative energy resistance 1, electricity
resistance, torment resistance 1, petrification resistance
a: no special abilities


You were on level 1 of the Abyss.
You visited 2 branches of the dungeon, and saw 10 of its levels.
You visited the Abyss 1 time.

You collected 508 gold pieces.
You spent 211 gold pieces at shops.


Innate Abilities, Weirdness & Mutations

You are immune to sickness and miasma.
Your stone body is resilient. (AC +7)
You are immune to poison.
You resist negative energy. (rN+)
You are resistant to electric shocks. (rElec)
You are resistant to unholy torment.
You are immune to petrification.


   Skills:
 - Level 8.3 Fighting
 + Level 12.5 Ranged Weapons
 - Level 2.0 Armour
 - Level 4.1 Dodging
 - Level 1.1 Stealth


You had 9 spell levels left.
You didn't know any spells.
Your spell library was empty.

Inventory:

Hand Weapons
 o - a +0 orcbow (weapon)
Armour
 b - a +2 leather armour of fire resistance (worn)
 c - a +1 leather armour of cold resistance
Jewellery
 e - a +4 ring of slaying (left hand) {mikee}
 h - an amulet of reflection (around neck)
 i - a ring of see invisible (right hand)
 m - a ring of fire
Wands
 a - a wand of polymorph (6)
 r - a wand of charming (6)
Scrolls
 j - a scroll of enchant armour
 q - 7 scrolls of identify
Potions
 d - 2 potions of cancellation
 g - a potion of curing
 k - 2 potions of might
 l - 2 potions of enlightenment
 n - a potion of haste

Dungeon Overview and Level Annotations

Branches:
Dungeon (9/15)             Temple (1/1) D:4
   Lair: D:8-11         Orc: D:9-12

Altars:
Ashenzari
Cheibriados
Dithmenos
Elyvilon
Fedhas
Gozag
Hepliaklqana
Kikubaaqudgha
Makhleb
Nemelex Xobeh
Ru
Trog
Uskayaw
Vehumet
Wu Jian
Xom
The Shining One

Shops:
D:2 [?::*   D:4 [   D:5 *

Annotations:
D:3 1 runed translucent door, Crazy Yiuf
D:9 Erolcha


Message History

The living lightning hits you. You resist.
The living lightning misses the raiju.
The raiju blinks!
The raiju bites you but does no damage.
8132 ||| READING scroll of teleportation.
As you read the scroll of teleportation, it crumbles to dust.
You feel strangely unstable.
You feel the power of the Abyss delaying your translocation!
The raiju bursts into living lightning!
The living lightning hits you. You resist.
The raiju blinks!
The raiju bursts into living lightning!
The living lightning hits you. You resist.
The raiju blinks!
You shoot an arrow. The arrow hits the raiju.
The raiju is almost dead.
You block the raiju's attack.
You shoot an arrow. The arrow hits the raiju!
The raiju is lightly wounded.
You shoot an arrow. The arrow hits the raiju.
The raiju is moderately wounded.
The raiju bites you but does no damage.
You shoot an arrow. The arrow misses the raiju.
You block the raiju's attack. The raiju bites you. The raiju shocks you.
You resist.
You shoot an arrow. The arrow barely misses the raiju.
You block the raiju's attack.
The raiju bursts into living lightning!
The living lightning hits the raiju.
The raiju completely resists.
The living lightning misses you.
The raiju blinks!
The raiju barely misses you.
You shoot an arrow. The arrow hits the raiju!
The raiju is severely wounded.
The raiju closely misses you. You block the raiju's attack.
You shoot an arrow. The arrow hits the raiju!
The raiju is almost dead.
The raiju barely misses you. The raiju bites you. The raiju shocks you.
You resist.
You shoot an arrow. The arrow barely misses the raiju.
The raiju misses you. The raiju bites you but does no damage.
You shoot an arrow. The arrow hits the raiju!
You kill the raiju!
The raiju bites you.
You die...

# . . # # . # ..
.# .. ## . . .#
. .# . ##.# #
#.####.# .###
#.....h## . #
.#. .#.@# # ...
.. #..#.#.......
.#
..###...#.#h.#..
. .
#..##.##...#.
.... # .# ##
...## .#. .#. .
## ....# .#.# #
# . .#####.# # #
. . .# # # . .#


You could see 2 raiju.

Vanquished Creatures
  A polar bear (D:8)
  2 raiju (Abyss:1)
  4 yaks (D:8)
  2 wyverns
  A water moccasin (D:8)
  A naga skeleton (Abyss:1)
  5 ice beasts
  A sky beast (D:7)
  A black bear (D:6)
  4 ogres
  A wolf (D:8)
  6 centaurs
  2 phantoms
  3 scorpions
  A gnoll sergeant (D:8)
  2 killer bees
  2 electric eels (D:8)
  2 bombardier beetles
  2 hounds (D:6)
  7 orc priests
  2 jellies (D:5)
  2 sleepcaps
  2 iguanas
  7 orc wizards
  4 gnolls (D:8)
  4 adders
  A shadow imp (D:7)
  3 white imps
  4 ufetubi
  2 ribbon worms
  A dart slug (D:1)
  36 orcs
  8 endoplasms
  A giant cockroach (D:4)
  8 goblins
  7 hobgoblins
  2 jackals (D:1)
  5 quokkas
  4 ball pythons
  3 bats
  4 frilled lizards
  4 kobolds
  2 quokka zombies (D:6)
  3 rats
169 creatures vanquished.

Vanquished Creatures (others)
  An arcanist (D:8)
1 creature vanquished.

Grand Total: 170 creatures vanquished

Notes
Turn   | Place    | Note
-------+----------+-------------------------------------------
     0 | D:1      | qw the Gargoyle Hunter began the quest for the Orb.
     0 | D:1      | Reached XP level 1. HP: 12/12 MP: 1/1
     0 | D:1      | 0 ||| qw: Version: 0.3-a-132-g3d54051
     0 | D:1      | 0 ||| qw: Game counter: 158
     0 | D:1      | 0 ||| qw: Melee chars always use a shield: true
     0 | D:1      | 0 ||| qw: God list: Okawaru
     0 | D:1      | 0 ||| qw: Allow faded altars: false
     0 | D:1      | 0 ||| qw: Do Orc after clearing Dungeon:15 true
     0 | D:1      | 0 ||| qw: Do second Lair branch before Depths: true
     0 | D:1      | 0 ||| qw: Lair rune preference: random
     0 | D:1      | 0 ||| qw: Goals: Normal
     0 | D:1      | 0 ||| PLANNING D:1-11
   139 | D:1      | Found a faded altar of an unknown god.
   147 | D:1      | Reached XP level 2. HP: 17/17 MP: 2/2
   551 | D:1      | Reached XP level 3. HP: 21/21 MP: 3/3
   641 | D:1      | Reached skill level 5 in Ranged Weapons
   809 | D:1      | 809 ||| UPGRADING to +4 ring of slaying {mikee}.
   810 | D:1      | 810 ||| READING scroll labelled OCUS RINKER.
   810 | D:1      | 810 ||| IDENTIFYING purple potion
   811 | D:1      | 811 ||| READING scroll labelled CENISY PEBIU.
   812 | D:1      | 812 ||| READING scroll labelled HIEQEINA FUIPS.
   817 | D:1      | 817 ||| READING scroll labelled MOSUGO GIRAFFU.
   818 | D:1      | 818 ||| READING 2 scrolls labelled WYUMYJ XARGHO.
   818 | D:1      | 818 ||| ENCHANTING +0 shortbow.
   819 | D:1      | 819 ||| DRINKING 2 inky potions.
   820 | D:1      | 820 ||| DROPPING scroll of butterflies.
   898 | D:2      | Found Wopsyupt's Book Shop.
   965 | D:2      | Found Qunuxeth's Vocational Training.
  1042 | D:2      | Found Heozig's Antique Armour Boutique.
  1050 | D:2      | 1050 ||| SHOPLISTING runed hat (161 gold, have 45).
  1068 | D:2      | Reached skill level 3 in Fighting
  1068 | D:2      | 1068 ||| FLEEEEING.
  1140 | D:2      | Found Gysaxo's Magic Scroll Shop.
  1144 | D:2      | 1144 ||| BUYING scroll of identify (22 gold).
  1144 | D:2      | Bought a scroll of identify for 22 gold pieces
  1144 | D:2      | 1144 ||| BUYING scroll of identify (22 gold).
  1144 | D:2      | Bought a scroll of identify for 22 gold pieces
  1144 | D:2      | 1144 ||| SHOPLISTING scroll of identify (22 gold, have 1).
  1144 | D:2      | 1144 ||| SHOPLISTING scroll of teleportation (33 gold, have
                  | 1).
  1373 | D:2      | Found Dobytasch's General Store.
  1443 | D:2      | 1443 ||| SHOPLISTING +0 pair of gloves (63 gold, have 19).
  1443 | D:2      | 1443 ||| UPGRADING to +0 ring mail.
  1453 | D:2      | 1453 ||| DROPPING +0 leather armour.
  1454 | D:2      | 1454 ||| READING 2 scrolls of identify.
  1454 | D:2      | 1454 ||| IDENTIFYING fuming green potion
  1455 | D:2      | 1455 ||| READING scroll of identify.
  1455 | D:2      | 1455 ||| IDENTIFYING fizzy grey potion
  1456 | D:2      | 1456 ||| READING 2 scrolls labelled HEIZYE DOUSUHY.
  1457 | D:2      | 1457 ||| READING scroll labelled BEPAIW UNIN.
  1458 | D:2      | 1458 ||| FLEEEEING.
  1568 | D:2      | 1568 ||| READING scroll labelled QAEXOSIRIU.
  1569 | D:2      | 1569 ||| DROPPING scroll of fear.
  1570 | D:2      | 1570 ||| DROPPING potion of lignification.
  1633 | D:3      | Identified the +5 chain mail of the Known World {rC+ rN+
                  | rCorr}
  1648 | D:3      | Reached XP level 4. HP: 28/28 MP: 4/4
  1725 | D:3      | 1725 ||| RETREEEEATING.
  1726 | D:3      | 1726 ||| FLEEEEING.
  1727 | D:3      | 1727 ||| FLEEEEING.
  1728 | D:3      | 1728 ||| RETREEEEATING.
  1729 | D:3      | 1729 ||| FLEEEEING.
  1730 | D:3      | 1730 ||| FLEEEEING.
  1733 | D:3      | HP: 4/28 [orc priest/divine providence (11)]
  1734 | D:3      | 1734 ||| READING scroll of teleportation.
  1736 | D:3      | Reached XP level 5. HP: 5/32 MP: 5/5
  1925 | D:3      | Identified the +1 hammer of Kipozy {drain, rF+ rN+ Str+5}
  1931 | D:3      | Found a runed translucent door.
  1932 | D:3      | Noticed Crazy Yiuf
  2147 | D:3      | Found a hide-covered altar of Uskayaw.
  2270 | D:3      | 2270 ||| FLEEEEING.
  2274 | D:3      | 2274 ||| STAIRDANCE
  2493 | D:3      | 2493 ||| READING scroll of identify.
  2493 | D:3      | 2493 ||| IDENTIFYING emerald potion
  2494 | D:3      | 2494 ||| DROPPING potion of brilliance.
  2585 | D:4      | Reached skill level 6 in Ranged Weapons
  2599 | D:4      | 2599 ||| FLEEEEING.
  2602 | D:4      | 2602 ||| STAIRDANCE
  2757 | D:4      | Found a staircase to the Ecumenical Temple.
  2758 | D:4      | 2758 ||| PLANNING TEMPLE
  2758 | D:4      | 2758 ||| UPGRADING to +2 leather armour of fire resistance.
  2768 | D:4      | 2768 ||| DROPPING +0 ring mail.
  2774 | D:4      | Noticed an ogre
  2782 | D:4      | Killed an ogre
  2783 | D:4      | Reached XP level 6. HP: 39/39 MP: 6/6
  2784 | Temple   | Entered the Ecumenical Temple
  2785 | Temple   | 2785 ||| PLANNING D:1-11
  2922 | D:4      | Found Sic Ysy's Antique Armour Emporium.
  2933 | D:4      | 2933 ||| BUYING glowing robe (70 gold).
  2933 | D:4      | Bought a glowing robe for 70 gold pieces
  2946 | D:4      | 2946 ||| DRINKING 3 potions of curing.
  2946 | D:4      | 2946 ||| (to cure confusion)
  2952 | D:4      | 2952 ||| FLEEEEING.
  2982 | D:4      | Found a sacrificial altar of Ru.
  3009 | D:4      | 3009 ||| FLEEEEING.
  3017 | D:4      | 3017 ||| STAIRDANCE
  3126 | D:3      | 3126 ||| UPGRADING to ring of see invisible.
  3127 | D:3      | 3127 ||| READING scroll of identify.
  3127 | D:3      | 3127 ||| IDENTIFYING lumpy green potion
  3128 | D:3      | 3128 ||| READING scroll labelled OSTRIR WORUTO.
  3129 | D:3      | 3129 ||| READING scroll labelled WARGHU WOIXA.
  3130 | D:3      | 3130 ||| READING scroll labelled BUPSEDABRY.
  3131 | D:3      | 3131 ||| DRINKING 2 viscous clear potions.
  3366 | D:5      | Entered Level 5 of the Dungeon
  3501 | D:5      | 3501 ||| FLEEEEING.
  3502 | D:5      | 3502 ||| FLEEEEING.
  3503 | D:5      | 3503 ||| FLEEEEING.
  3504 | D:5      | 3504 ||| FLEEEEING.
  3506 | D:5      | 3506 ||| FLEEEEING.
  3510 | D:5      | 3510 ||| FLEEEEING.
  3514 | D:5      | 3514 ||| FLEEEEING.
  3515 | D:5      | 3515 ||| FLEEEEING.
  3516 | D:5      | 3516 ||| FLEEEEING.
  3517 | D:5      | 3517 ||| STAIRDANCE
  3629 | D:5      | 3629 ||| STAIRDANCE
  3634 | D:4      | HP: 9/39 [ogre/+0 giant club (30)]
  3635 | D:4      | 3635 ||| READING 2 scrolls of teleportation.
  3636 | D:4      | 3636 ||| DRINKING potion of heal wounds.
  3638 | D:4      | Reached skill level 7 in Ranged Weapons
  3638 | D:4      | Reached XP level 7. HP: 33/44 MP: 7/7
  3638 | D:4      | 3638 ||| FLEEEEING.
  3862 | D:5      | 3862 ||| DRINKING 2 potions of curing.
  3862 | D:5      | 3862 ||| (to cure confusion)
  3871 | D:5      | 3871 ||| FLEEEEING.
  4205 | D:5      | Reached skill level 8 in Ranged Weapons
  4276 | D:5      | Found Neebb's General Store.
  4282 | D:5      | 4282 ||| SHOPLISTING ring of ice (325 gold, have 129).
  4282 | D:5      | 4282 ||| BUYING scroll of enchant weapon (97 gold).
  4282 | D:5      | Bought a scroll of enchant weapon for 97 gold pieces
  4282 | D:5      | 4282 ||| READING scroll of enchant weapon.
  4282 | D:5      | 4282 ||| ENCHANTING +0 shortbow.
  4341 | D:5      | 4341 ||| READING scroll of identify.
  4341 | D:5      | 4341 ||| IDENTIFYING green potion
  4342 | D:5      | 4342 ||| READING scroll labelled HIUMUN IMOU.
  4342 | D:5      | 4342 ||| BRANDING +1 shortbow.
  4343 | D:5      | 4343 ||| DROPPING potion of invisibility.
  4370 | D:6      | 4370 ||| PLANNING OSSUARY
  4374 | D:6      | 4374 ||| STAIRDANCE
  4385 | D:5      | Reached XP level 8. HP: 41/49 MP: 8/8
  4387 | D:5      | 4387 ||| FLEEEEING.
  4393 | D:5      | 4393 ||| STAIRDANCE
  4592 | D:6      | Reached skill level 9 in Ranged Weapons
  4850 | D:6      | Reached skill level 6 in Fighting
  5108 | D:6      | 5108 ||| RIP OSSUARY
  5154 | D:6      | 5154 ||| PLANNING D:1-11
  5222 | D:6      | Reached skill level 10 in Ranged Weapons
  5505 | D:6      | 5505 ||| READING scroll of identify.
  5505 | D:6      | 5505 ||| IDENTIFYING fizzy golden potion
  5569 | D:7      | Noticed a wyvern
  5575 | D:7      | Killed a wyvern
  5576 | D:7      | Reached XP level 9. HP: 57/57 MP: 9/9
  5611 | D:7      | 5611 ||| FLEEEEING.
  5612 | D:7      | 5612 ||| FLEEEEING.
  5621 | D:7      | 5621 ||| FLEEEEING.
  5633 | D:7      | 5633 ||| RETREEEEATING.
  5635 | D:7      | 5635 ||| RETREEEEATING.
  5636 | D:7      | 5636 ||| RETREEEEATING.
  5637 | D:7      | 5637 ||| RETREEEEATING.
  5646 | D:7      | Reached skill level 3 in Dodging
  5765 | D:7      | 5765 ||| SWAPPING to +0 orcbow.
  5766 | D:7      | 5766 ||| DROPPING +1 shortbow of draining.
  5863 | D:7      | Found a white marble altar of Elyvilon.
  6296 | D:7      | 6296 ||| READING 2 scrolls of identify.
  6296 | D:7      | 6296 ||| IDENTIFYING sedimented pink potion
  6297 | D:7      | 6297 ||| DROPPING wand of flame (16).
  6298 | D:7      | 6298 ||| DROPPING potion of attraction.
  6388 | D:8      | 6388 ||| RETREEEEATING.
  6389 | D:8      | 6389 ||| RETREEEEATING.
  6390 | D:8      | 6390 ||| RETREEEEATING.
  6391 | D:8      | 6391 ||| RETREEEEATING.
  6392 | D:8      | 6392 ||| RETREEEEATING.
  6393 | D:8      | 6393 ||| RETREEEEATING.
  6394 | D:8      | 6394 ||| RETREEEEATING.
  6395 | D:8      | 6395 ||| RETREEEEATING.
  6396 | D:8      | 6396 ||| RETREEEEATING.
  6398 | D:8      | 6398 ||| RETREEEEATING.
  6399 | D:8      | 6399 ||| RETREEEEATING.
  6400 | D:8      | 6400 ||| RETREEEEATING.
  6401 | D:8      | 6401 ||| FLEEEEING.
  6406 | D:8      | 6406 ||| RETREEEEATING.
  6407 | D:8      | 6407 ||| RETREEEEATING.
  6408 | D:8      | 6408 ||| RETREEEEATING.
  6413 | D:8      | HP: 9/57 [yak (13)]
  6414 | D:8      | 6414 ||| READING 2 scrolls of teleportation.
  6415 | D:8      | HP: 1/57 [yak (8)]
  6843 | D:8      | Found a bloodstained altar of Trog.
  6847 | D:8      | Noticed a wizard
  6852 | D:8      | Killed a wizard
  6924 | D:8      | Reached skill level 11 in Ranged Weapons
  6928 | D:8      | 6928 ||| FLEEEEING.
  7051 | D:8      | 7051 ||| RETREEEEATING.
  7053 | D:8      | 7053 ||| RETREEEEATING.
  7369 | D:8      | Reached XP level 10. HP: 64/64 MP: 10/10
  7455 | D:8      | 7455 ||| DROPPING +2 robe of cold resistance.
  7456 | D:8      | 7456 ||| UPGRADING to amulet of reflection.
  7473 | D:9      | 7473 ||| STAIRDANCE
  7484 | D:8      | 7484 ||| FLEEEEING.
  7610 | D:9      | 7610 ||| STAIRDANCE
  7620 | D:8      | Reached skill level 12 in Ranged Weapons
  7620 | D:8      | 7620 ||| FLEEEEING.
  7693 | D:9      | 7693 ||| STAIRDANCE
  7702 | D:9      | 7702 ||| STAIRDANCE
  7711 | D:9      | Noticed Erolcha
  7712 | D:9      | 7712 ||| STAIRDANCE
  7715 | D:8      | 7715 ||| FLEEEEING.
  7751 | D:9      | 7751 ||| STAIRDANCE
  7763 | D:9      | 7763 ||| STAIRDANCE
  7872 | D:9      | 7872 ||| STAIRDANCE
  7881 | D:9      | 7881 ||| STAIRDANCE
  7883 | D:8      | 7883 ||| FLEEEEING.
  7932 | D:9      | 7932 ||| STAIRDANCE
  7941 | D:9      | 7941 ||| STAIRDANCE
  7951 | D:8      | 7951 ||| FLEEEEING.
  8037 | Abyss:1  | Cast into level 1 of the Abyss (Erolcha)
  8083 | Abyss:1  | Found a corrupted altar of Lugonu.
  8131 | Abyss:1  | HP: 15/64 [raiju/living lightning (4)]
  8132 | Abyss:1  | 8132 ||| READING scroll of teleportation.
  8136 | Abyss:1  | HP: 9/64 [raiju (4)]
  8139 | Abyss:1  | HP: 3/64 [raiju (2)]
  8141 | Abyss:1  | Slain by a raiju

Levels and vault maps discovered:
D:1:      nagdon_arrival_double_spiral, layout_basic,
          hellmonk_ecumenical_altar_heavens_door
D:2:      layout_loops_ring, serial_shops, shop, shop, nicolae_square_shop,
          shop, nicolae_shop_vocational
D:3:      layout_loops_ring, mainiacjoe_overflow_catwalk,
          kennysheep_decorative_pillar, uniq_crazy_yiuf_cottage
D:4:      layout_rooms, hangedman_ru_absence, minmay_temple_entry_overgrown,
          serial_shops, nicolae_shop_tiny_waterfront, minmay_circle_x
D:5:      layout_gridville, serial_glass, glass_columns_c, glass_columns_a,
          serial_shops, shop
D:6:      layout_layer_cave, enter_ossuary_4, st_stairs_13
D:7:      layout_basic, nicolae_elyvilon_peaceful_grove, st_stairs_10,
          minmay_misc_feat_chi
D:8:      kennysheep_blocky_hall, layout_basic, trog_wizard
D:9:      layout_basic, mainiacjoe_overflow_small_starburst,
          hellmonk_lair_entry_icy, serial_corexii_hall,
          chequers_hall_statues_corner_a, corexii_hall_statues_u, uniq_erolcha
Temple:   compressed_dpeg_triangle_lava_temple
Abyss:1:  base:
D:2

Skill      XL: |  1  2  3  4  5  6  7  8  9 10 |
---------------+-------------------------------+-----
Ranged Weapons | 5 6 7 8 10 11 12 | 12.5
Fighting       | 3 4 5 7 8 |  8.3
Armour         | 2 |  2.0
Dodging        | 2 3 4 |  4.1
Stealth        | |  1.1

Action                     |  1- 3 |  4- 6 |  7- 9 | 10-12 || total
---------------------------+-------+-------+-------+-------++-------
   Fire: Shortbow          |   105 |   114 |   178 |       ||   397
         Orcbow            |       |       |   126 |   105 ||   231
    Use: Scroll            |    10 |     7 |     6 |     1 ||    24
         Potion            |     1 |     3 |     1 |       ||     5
 Armour: Leather armour    |    25 |    18 |   136 |    66 ||   245
         Ring mail         |       |     9 |       |       ||     9
  Dodge: Dodged            |    13 |    24 |    92 |    62 ||   191
  Block: Other             |       |       |       |    32 ||    32

Table legend:
 A = Non-vault XP
 B = Vault XP
 C = Vault XP percentage of total XP
 D = Non-vault monster count
 E = Vault monster count
 F = Vault count percentage of total count
                 A         B        C        D         E       F
            +---------+---------+-------+---------+---------+-------
      Total |    5436 |    1225 |  18.4 |     150 |      19 |  11.2
            +---------+---------+-------+---------+---------+-------
        D:1 |      41 |       0 |   0.0 |      23 |       0 |   0.0
        D:2 |      37 |       0 |   0.0 |      12 |       0 |   0.0
        D:3 |     163 |       0 |   0.0 |      14 |       0 |   0.0
        D:4 |     370 |       5 |   1.3 |      21 |       3 |  12.5
        D:5 |     660 |       0 |   0.0 |      16 |       0 |   0.0
        D:6 |     947 |       5 |   0.5 |      16 |       3 |  15.8
        D:7 |     558 |     206 |  27.0 |       8 |       4 |  33.3
        D:8 |    1984 |    1009 |  33.7 |      37 |       9 |  19.6
    Abyss:1 |     676 |       0 |   0.0 |       3 |       0 |   0.0
            +---------+---------+-------+---------+---------+-------
